 Dungeon Crawl Stone Soup version 0.25.1-2-g60ff931df9 (webtiles) character file.

Game seed: 4354463744073564581

18 Leopold the Grave Robber (level 2, 0/20 HPs)
             Began as a Hill Orc Necromancer on Nov 17, 2020.
             Slain by an adder (5 damage)
             ... on level 2 of the Dungeon.
             The game lasted 00:24:59 (1479 turns).

Leopold the Grave Robber (Hill Orc Necromancer)     Turns: 1479, Time: 00:24:59

Health: 0/20       AC:  2    Str: 10    XL:     2   Next: 70%
Magic:  3/4        EV: 12    Int: 15    God:
Gold:   75         SH:  0    Dex: 11    Spells: 2/4 levels left

rFire    . . .     SeeInvis .   g - +0 mace
rCold    . . .     Gourm    .   (no shield)
rNeg     . . .     Faith    .   a - +0 robe
rPois    .         Spirit   .   (no helmet)
rElec    .         Reflect  .   (no cloak)
rCorr    .         Harm     .   (no gloves)
MR       .....                  (no boots)
Stlth    ++........             (no amulet)
HPRegen  0.06/turn              (no ring)
MPRegen  0.09/turn              (no ring)

@: lethally poisoned (0 -> -5)
A: no striking features
a: no special abilities


You were on level 2 of the Dungeon.
You were not hungry.

You visited 1 branch of the dungeon, and saw 2 of its levels.

You collected 75 gold pieces.

Inventory:

Hand Weapons
 g - a +0 mace (weapon)
 h - a +0 spear
 n - a +0 hunting sling
Missiles
 b - 15 arrows
 d - 3 curare-tipped darts (quivered)
 f - 20 sling bullets
Armour
 a - a +0 robe (worn)
Scrolls
 j - a scroll of identify {unknown}
 k - a scroll of teleportation {unknown}
 l - a scroll of immolation {unknown}
 o - a scroll of fear {unknown}
Potions
 i - a potion of flight {unknown}
 m - a potion of resistance {unknown}
Comestibles
 c - 4 rations


   Skills:
 + Level 1.7 Dodging
 + Level 1.6 Stealth
 + Level 1.7 Spellcasting
 * Level 4.5 Necromancy


You had 2 spell levels left.
You knew the following spells:

 Your Spells              Type           Power        Failure   Level  Hunger
a - Pain                  Necr           ##..         3%          1    ##.....
b - Animate Skeleton      Necr           N/A          3%          1    ##.....

Your spell library contained the following spells:

 Spells                   Type           Power        Failure   Level  Hunger
 Vampiric Draining        Necr           ##........   11%         3    ####...
 Animate Dead             Necr           N/A          34%         4    #####..
 Agony                    Necr           ##......     69%         5    ######.


Dungeon Overview and Level Annotations

Branches:
Dungeon (2/15)

Altars:


Message History

You hit the adder.
The adder is heavily wounded.
The adder bites you.
You are poisoned.
The adder poisons you! The adder barely misses you.
You closely miss the adder.
The adder is heavily wounded.
You feel sick. The adder bites you. The adder bites you but does no damage.
You closely miss the adder.
The adder is heavily wounded.
You feel sick. The adder bites you.
* * * LOW HITPOINT WARNING * * *
The adder closely misses you.
Casting: Pain (safe; 3% risk of failure)
Confirm with . or Enter, or press ? or * to list all spells.
Aiming: Pain (safe; 3% risk of failure)
Press: ? - help, Shift-Dir - straight line, f - adder
Aim: an adder (heavily wounded, chance to defeat MR: 79%)
The adder writhes in agony.
The adder bites you.
You die...

.# .#.######
.......#.
.........
........#. .
###........
....##........###
......S@........#
......##......#
..##..##......#
#...........#
...##.#......# ..
#...###### =
##...##
#....####### .
###........# ##.


You could see an adder.

Vanquished Creatures
  An ooze (D:1)
  A worm (D:2)
  A leopard gecko (D:1)
  A goblin (D:1)
  A hobgoblin (D:1)
  A frilled lizard (D:1)
  2 kobolds (D:1)
  3 rats (D:1)
11 creatures vanquished.

Vanquished Creatures (collateral kills)
  A bat (D:1)
1 creature vanquished.

Grand Total: 12 creatures vanquished

Notes
Turn   | Place    | Note
-------+----------+-------------------------------------------
     0 | D:1      | Leopold the Hill Orc Necromancer began the quest for the
                  | Orb.
     0 | D:1      | Reached XP level 1. HP: 14/14 MP: 3/3
    14 | D:1      | Learned a level 1 spell: Animate Skeleton
   323 | D:1      | Reached XP level 2. HP: 15/20 MP: 4/4
  1479 | D:2      | Slain by an adder

Illustrated notes

Levels and vault maps discovered:
D:1:      eino_arrival_cavern_d, layout_basic, serial_bayou_lagoon_a
D:2:      layout_rooms, first_ration, nemelex_altar_shiori, uniq_robin

Action                   || total
-------------------------++-------
Melee: Spear             ||    11
       Unarmed           ||     4
       Mace              ||    19
 Cast: Pain              ||    10
       Animate Skeleton  ||     8
  Use: Potion            ||     1
       Scroll            ||     1
 Stab: Distracted        ||     1
  Eat: Ration            ||     1
       Chunk             ||     1
Armor: Robe              ||     3
Dodge: Dodged            ||    20
